 Dungeon Sprint DCSS version 0.27-a0-448-gace5c5693b (webtiles) character file.

Game seed: 14470863663272716390

2931 mhtbhm the Cleaver (level 9, -2/89 HPs)
             Began as a Minotaur Fighter on Feb 27, 2021.
             Was the Champion of Trog.
             Slain by Sonja
             ... wielding a +2 short sword of distortion
              (4 damage)
             ... in the Dungeon (Sprint VII: "The Pits").
             The game lasted 00:01:57 (1272 turns).

mhtbhm the Cleaver (Minotaur Fighter)               Turns: 1272, Time: 00:01:58

Health: -2/89      AC: 16    Str: 24    XL:     9   Next: 50%
Magic:  8/8        EV: 10    Int:  8    God:    Trog [******]
Gold:   0          SH: 13    Dex: 13    Spells: 8/8 levels left

rFire    . . .     SeeInvis .   a - +2 broad axe (vorpal)
rCold    . . .     Faith    .   c - +0 kite shield
rNeg     . . .     Spirit   .   b - +4 chain mail
rPois    .         Reflect  .   (helmet restricted)
rElec    .         Harm     .   (no cloak)
rCorr    .         Rampage  .   (no gloves)
Will     .....     NoTele   +   (no boots)
Stlth    ..........             (no amulet)
HPRegen  0.24/turn              m - +3 ring of dexterity
MPRegen  0.11/turn              n - +3 ring of intelligence

@: lethally poisoned (-2 -> -5), berserk cooldown, slowed, very slow
A: retaliatory headbutt, horns 2
a: Renounce Religion, Berserk, Trog's Hand, Brothers in Arms


You were in the Dungeon.
You worshipped Trog.
Trog was exalted by your worship.
You visited 1 branch

Inventory:

Hand Weapons
 a - a +2 vorpal broad axe (weapon)
Armour
 b - a +4 chain mail (worn)
 c - a +0 kite shield (worn)
Jewellery
 m - a +3 ring of dexterity (left hand)
 n - a +3 ring of intelligence (right hand)
Scrolls
 l - a scroll of summoning
Potions
 d - a potion of might
 e - 6 potions of curing
 f - 8 potions of heal wounds
 g - a potion of haste
 h - 4 potions of magic
 i - 5 potions of berserk rage
 k - 2 potions of invisibility
 o - 2 potions of resistance
 p - 2 potions of mutation


   Skills:
 + Level 11.2 Fighting
 + Level 13.9 Axes
 + Level 13.2 Armour
 + Level 4.7 Dodging
 + Level 0.7 Stealth
 + Level 13.5 Shields


You had 8 spell levels left.
You didn't know any spells.
Your spell library was empty.

Dungeon Overview and Level Annotations

Branches:
Dungeon (1/1)

Altars:
Ashenzari
Cheibriados
Dithmenos
Elyvilon
Fedhas
Gozag
Hepliaklqana
Kikubaaqudgha
Makhleb
Nemelex Xobeh
Okawaru
Qazlal
Ru
Sif Muna
Trog
Uskayaw
Vehumet
Wu Jian
Xom
Yredelemnul
Zin
The Shining One
Beogh
Jiyva
Lugonu

Annotations:
D Sonja


Innate Abilities, Weirdness & Mutations

You reflexively headbutt those who attack you in melee.
You have a pair of horns on your head.


Message History

You block Sonja's attack. Sonja hits you but does no damage.
Space bends around you. Sonja closely misses you.
Sonja hits you but does no damage. You block Sonja's attack.
You miss Sonja. Your headbutt misses Sonja.
Sonja is lightly wounded.
You block Sonja's attack. x2; Sonja hits you but does no damage.
Unknown command.
You miss Sonja.
Sonja is lightly wounded.
You feel sick. Sonja hits you but does no damage. Space bends around you.
Sonja barely misses you. You block Sonja's attack.
Unknown command.
You slash Sonja! Your headbutt misses Sonja.
Sonja is severely wounded.
You are no longer berserk.
You are exhausted.
You feel as though you will be slow longer.
You feel sick. You block Sonja's attack. Sonja hits you but does no damage.
Space warps horribly around you!
Sonja hits you with a +2 short sword of distortion.
Space bends around you. You block Sonja's attack.
Sonja hits you but does no damage. x2
You miss Sonja.
Sonja is severely wounded.
You feel sick.
Sonja hits you with a +2 short sword of distortion.
Space bends around you. Sonja hits you but does no damage.
Space bends around you.
* * * LOW HITPOINT WARNING * * *
Sonja closely misses you. You block Sonja's attack. Sonja barely misses you.
Sonja hits you but does no damage. Space warps horribly around you!!
* * * LOW HITPOINT WARNING * * *
You completely miss Sonja.
Sonja is severely wounded.
* * * LOW HITPOINT WARNING * * *
You feel sick.
Sonja plants her feet in a plie.
You block Sonja's attack. Sonja completely misses you.
Sonja hits you with a +2 short sword of distortion.
You die...

#... #... #..# #..#
#..# ####### #..#
..##..# #K.#
..##..# #@.#
..''..# #..#
..''..##########..#
..##..............#
..##..............#
###################


You could see Sonja.

Vanquished Creatures
  A hydra (D)
  A deep troll (D)
  An elephant (D)
  A molten gargoyle (D)
  A redback (D)
  A neqoxec (D)
  Duvessa (D)
  A black bear (D)
  A centaur (D)
  3 gnoll sergeants (D)
  An earth elemental (D)
  Dowan (D)
  A gnoll shaman (D)
  15 gnolls (D)
  A river rat (D)
  An ufetubus (D)
  An ooze (D)
  A leopard gecko (D)
  A bat skeleton (D)
  A goblin (D)
  A ball python (D)
  A frilled lizard (D)
  A giant cockroach zombie (D)
  A jackal zombie (D)
  A kobold (D)
41 creatures vanquished.

Notes
Turn   | Place    | Note
-------+----------+-------------------------------------------
     0 | D        | mhtbhm the Minotaur Fighter began the quest for the Orb.
     0 | D        | Reached XP level 1. HP: 19/19 MP: 0/0
    20 | D        | Found a bloodstained altar of Trog.
    20 | D        | Found a shimmering blue altar of Sif Muna.
    20 | D        | Found a viscous altar of Jiyva.
    20 | D        | Found a hazy altar of Hepliaklqana.
    20 | D        | Found an opulent altar of Gozag.
    21 | D        | Found a glowing golden altar of the Shining One.
    21 | D        | Found a glowing silver altar of Zin.
    21 | D        | Found a basalt altar of Yredelemnul.
    21 | D        | Found a shimmering altar of Xom.
    21 | D        | Found an ornate altar of the Wu Jian Council.
    21 | D        | Found a sacrificial altar of Ru.
    21 | D        | Found a stormy altar of Qazlal.
    21 | D        | Found an iron altar of Okawaru.
    21 | D        | Found a sparkling altar of Nemelex Xobeh.
    21 | D        | Found a burning altar of Makhleb.
    21 | D        | Found a blossoming altar of Fedhas.
    21 | D        | Found a white marble altar of Elyvilon.
    21 | D        | Found a shadowy altar of Dithmenos.
    21 | D        | Found a snail-covered altar of Cheibriados.
    23 | D        | Found a radiant altar of Vehumet.
    23 | D        | Found a corrupted altar of Lugonu.
    23 | D        | Found a roughly hewn altar of Beogh.
    25 | D        | Became a worshipper of Trog the Wrathful
    76 | D        | Reached * piety under Trog
    83 | D        | Noticed Duvessa
    83 | D        | Noticed Dowan
    86 | D        | Reached ** piety under Trog
    87 | D        | Reached XP level 2. HP: 15/28 MP: 1/1
    90 | D        | Killed Duvessa
    91 | D        | Reached skill level 5 in Axes
    91 | D        | Reached XP level 3. HP: 16/38 MP: 2/2
    91 | D        | Reached XP level 4. HP: 19/45 MP: 3/3
   103 | D        | Killed Dowan
   104 | D        | Reached XP level 5. HP: 15/52 MP: 4/4
   347 | D        | Noticed a black bear
   350 | D        | Reached *** piety under Trog
   353 | D        | Reached skill level 1 in Dodging
   354 | D        | Killed a black bear
   354 | D        | Reached **** piety under Trog
   355 | D        | Reached XP level 6. HP: 61/61 MP: 5/5
   359 | D        | Reached ***** piety under Trog
   367 | D        | Reached skill level 10 in Shields
   444 | D        | Reached XP level 7. HP: 40/70 MP: 6/6
   583 | D        | Noticed a molten gargoyle
   592 | D        | Killed a molten gargoyle
   593 | D        | Reached skill level 10 in Axes
   593 | D        | Reached skill level 10 in Armour
   803 | D        | Received a gift from Trog
   838 | D        | Noticed a deep troll
   847 | D        | Killed a deep troll
   848 | D        | Reached skill level 10 in Fighting
   848 | D        | Reached XP level 8. HP: 79/79 MP: 7/7
   853 | D        | Reached ****** piety under Trog
   853 | D        | Received a gift from Trog
   964 | D        | Found a hide-covered altar of Uskayaw.
   964 | D        | Found an ancient bone altar of Kikubaaqudgha.
   964 | D        | Found a broken altar of Ashenzari.
   992 | D        | Noticed a four-headed hydra
  1023 | D        | Killed a nine-headed hydra
  1024 | D        | Reached XP level 9. HP: 49/86 MP: 8/8
  1258 | D        | Noticed Sonja
  1258 | D        | Noticed an elephant
  1261 | D        | Killed an elephant
  1271 | D        | HP: 3/89 [Sonja/+2 short sword of distortion (23)]
  1272 | D        | Slain by Sonja

Illustrated notes

Levels and vault maps discovered:
D:        pitsprint [storerooms_1, entrance_room_1, metal_vault_4, armoury_1,
          mini_pit_1, grid_room_1, main_hall_1, silver_pit, the_coven_1,
          the_vestibule_1, steel_vault_4, golden_pit, hallway_of_sentries,
          crystal_vault_4, iron_vault_4, final_vault]

Skill      XL: |  1  2  3  4  5  6  7  8  9 |
---------------+----------------------------+-----
Fighting       | 4 6 7 8 9 10 11 | 11.2
Armour         | 4 6 7 8 9 11 12 13 | 13.2
Shields        | 4 6 7 9 10 12 13 | 13.5
Axes           | 3 5 6 7 9 11 13 | 13.9
Dodging        | 1 3 4 |  4.7
Stealth        | |  0.7

Action                   |  1- 3 |  4- 6 |  7- 9 || total
-------------------------+-------+-------+-------++-------
Melee: Hand axe          |    11 |    28 |    43 ||    82
       War axe           |     5 |       |       ||     5
       Headbutt          |     2 |     4 |    17 ||    23
       Broad axe         |       |       |    21 ||    21
Invok: Berserk           |     1 |     1 |     4 ||     6
  Use: Scroll            |       |       |     1 ||     1
       Potion            |       |       |     1 ||     1
Armor: Scale mail        |    13 |     4 |       ||    17
       Chain mail        |       |     7 |    26 ||    33
Dodge: Dodged            |     7 |     8 |    19 ||    34
Block: Kite shield       |     9 |    23 |    38 ||    70

Table legend: (Time is in decaauts)
 A = Elapsed time spent in this place.
 B = Non-inter-level travel time spent in this place.
 C = Inter-level travel time spent in this place.
 D = Time resting spent in this place.
 E = Time spent auto-exploring this place.
 F = Levels seen in this place.
 G = Mean time per level.
                   A        B        C        D        E       F      G
               +--------+--------+--------+--------+--------+-----+--------+
         Total |   1317 |   1317 |      0 |    645 |    257 |   1 | 1317.0 |
       Dungeon |   1317 |   1317 |      0 |    645 |    257 |   1 | 1317.0 |
               +--------+--------+--------+--------+--------+-----+--------+

Top non-repeatable levels by time:
       D: 1317 daAuts
